Cogmind - Beta 10.2 @@@ ROGUE MODE // 2021.12.10 @ 23:31:54 Player: Azken Zutik Result: Destroyed by D-53 Grenadier with Mini Grenade Launcher Performance ------------- Evolutions (0) 0 Regions Visited (2) 400 Robots Destroyed (32) 160 Value Destroyed (621) 621 Prototype IDs (0) 0 Alien Tech Used (0) 0 Bonus (0) 0 TOTAL SCORE: 1181 Bonus ------- None Cogmind --------- Core Integrity 0/250 Matter 195/300 Energy 240/250 System Corruption 0% Temperature Cool (104) Movement Core (700) Ox13 Location -10/Mines Parts ------- > --- POWER (1) -------- Ion Engine > --- PROPULSION (2) --- (None) > --- UTILITY (2) ------ Large Storage Unit Large Storage Unit > --- WEAPON (2) ------- Medium Laser Medium Laser > --- INVENTORY (16) --- Ion Engine Light Treads Heat Sink Medium Matter Pod (100) Medium Matter Pod (0) Propulsion Shielding Propulsion Shielding Small Laser Small Laser Light Cannon Mini Grenade Launcher Mini Grenade Launcher Datajack Mining Laser Mining Claw Peak State ------------ > --- POWER ------------ Light Nuclear Core > --- PROPULSION ------- Light Treads Light Treads > --- UTILITY ---------- Medium Storage Unit Medium Storage Unit > --- WEAPON ----------- Assault Rifle Light Assault Rifle > --- INVENTORY -------- Ion Engine Heat Sink Small Matter Pod Medium Laser Small Laser Mini Grenade Launcher Mini Grenade Launcher Datajack Mining Laser Mining Claw [Rating: 10] Favorites ----------- Power Ion Engine Engine Ion Engine Power Core Light Nuclear Core Propulsion Light Treads Treads Light Treads Utility Large Storage Unit Storage Large Storage Unit Weapon Assault Rifle Energy Gun Medium Laser Ballistic Gun Assault Rifle Launcher Mini Grenade Launcher Build | -11 -10 -10 ------- Run | Scr Mat Min Slots Evolved . | . . . Power . | . . . Propulsion . | . . . Utility . | . . . Weapon . | . . . Parts Attached 25 | 7 16 2 Power 5 | 1 4 . Engine 4 | 1 3 . Core 1 | . 1 . Reactor . | . . . Propulsion 4 | 2 2 . Treads 4 | 2 2 . Leg . | . . . Wheel . | . . . Hover . | . . . Flight . | . . . Utility 6 | 2 4 . Device . | . . . Storage 6 | 2 4 . Processor . | . . . Hackware . | . . . Protection . | . . . Artifact . | . . . Weapon 10 | 2 6 2 Energy Gun 6 | 1 3 2 Energy Cannon . | . . . Ballistic Gun 3 | 1 2 . Ballistic Cannon . | . . . Launcher 1 | . 1 . Special Weapon . | . . . Impact Weapon . | . . . Slashing Weapon . | . . . Piercing Weapon . | . . . Special Melee Weapon . | . . . Unidentified Prototypes . | . . . Parts Lost 6 | . 3 3 Power . | . . . Propulsion 2 | . . 2 Utility . | . . . Weapon 4 | . 3 1 Highest Loss Streak 2 | . 2 2 Average Slot Usage (%) 98 | . 99 88 Engine 12 | . 12 14 Core 1 | . 1 . Treads 27 | . 27 26 Storage 28 | . 28 28 Energy Gun 10 | . 10 2 Ballistic Gun 15 | . 16 3 Launcher 1 | . . 12 Naked Turns . | . . . Heaviest Build 40 | 15 40 39 Greatest Support 40 | 40 40 40 Greatest Overweight (x) 1 | . 1 . Average Overweight (x) . | . . . Largest Inventory Capacity 16 | 8 16 16 Average Capacity 12 | 7 13 16 Most Carried 16 | 4 16 16 Average Carried 10 | 2 12 15 Final Capacity 16 | 8 16 16 Final Carried 16 | 4 16 15 Class Distribution -------------------- 100% | Mutant Dominant Class ---------------- Mutant | -10/Materials Mutant | -10/Mines Resources | -11 -10 -10 ----------- Run | Scr Mat Min Matter Collected 1001 | 365 536 100 Remotely . | . . . Salvage Created 1103 | 185 828 90 Parts 70 | 17 50 3 Haulers Intercepted 2 | . 2 . Recyclers Shooed . | . . . Parts Field Recycled . | . . . Retrieved Matter . | . . . Parts Self-Destructed . | . . . Prevented . | . . . Kills | -11 -10 -10 ------- Run | Scr Mat Min Combat Hostiles Destroyed 40 | . 20 20 Guns 20 | . 20 . AOE 20 | . . 20 Classes Destroyed 10 | 3 5 2 Worker 4 | 4 . . Builder 1 | . . 1 Tunneler 2 | 2 . . Hauler 2 | . 2 . Recycler 1 | 1 . . Mechanic 1 | . 1 . Watcher 1 | . 1 . Swarmer 6 | . 6 . Grunt 14 | . 14 . Assembled 20 | . . 20 Best Kill Streak 20 | 2 3 20 Combat Bots Only 20 | . 3 20 Max Kills in Single Turn 6 | 1 1 6 Gunslinging . | . . . Exploded 6 | . . 6 Melee . | . . . Uniques/NPCs Destroyed . | . . . Combat | -11 -10 -10 -------- Run | Scr Mat Min Damage Taken 1508 | . 748 760 Core 266 | . 107 159 Absorbed by Shields . | . . . Core Remaining (%) 100 | 100 . . Volleys Fired 117 | 15 80 22 Largest 2 | 2 2 2 Hottest 100 | 60 90 100 Shots Fired 193 | 17 151 25 Gun 174 | 17 151 6 Cannon . | . . . Launcher 19 | . . 19 Special . | . . . Kinetic 110 | 15 95 . Thermal 44 | . 38 6 Explosive 19 | . . 19 Electromagnetic 20 | 2 18 . Robot Hit Streak 17 | 6 17 5 Robot Miss Streak 8 | 1 8 3 Penetration Max . | . . . Secondary Targets 2 | . 2 . Max Gunslinging Chain 1 | . 1 . Shots Hit Robots 127 | 11 103 13 Core Hits 98 | 8 41 49 Critical Hits . | . . . Critical Kills . | . . . Critical Parts Destroyed . | . . . Melee Attacks . | . . . Impact . | . . . Slashing . | . . . Piercing . | . . . Sneak Attacks . | . . . Combat Hostiles . | . . . Follow-up Attacks . | . . . Damage Inflicted 3052 | 153 1231 1668 Guns 1460 | 153 1231 76 Cannons . | . . . Explosions 1592 | . . 1592 Melee . | . . . Ramming . | . . . Kinetic 904 | 140 764 . Thermal 353 | . 277 76 Explosive 1592 | . . 1592 Electromagnetic 203 | 13 190 . Impact . | . . . Slashing . | . . . Piercing . | . . . Highest Corruption . | . . . Average Corruption . | . . . Corruption Purged . | . . . Overload Shots . | . . . Overflow Damage 75 | . . 75 Projectiles . | . . . Explosions 75 | . . 75 Melee . | . . . Knockbacks . | . . . Impact . | . . . Kinetic . | . . . Secondary . | . . . Self-Inflicted Damage 127 | . . 127 Shots 3 | . . 3 Rammed . | . . . Targets Rammed . | . . . Kicked . | . . . Crushed . | . . . Highest Temperature 240 | . 240 104 Average Temperature 57 | . 60 36 Received Heat Transfer 340 | . 207 133 Effects 1 | . 1 . Interference 1 | . 1 . Siege Activations . | . . . Robots Corrupted . | . . . Combat Hostiles . | . . . Parts Fried . | . . . Impact Corruptions . | . . . Robots Melted . | . . . Combat Hostiles . | . . . Parts Melted . | . . . Heat Transferred 916 | . 694 222 Parts Sabotaged . | . . . Parts Stolen . | . . . Parts Stripped . | . . . Power Chain Reactions . | . . . Missiles Intercepted . | . . . Alert | -11 -10 -10 ------- Run | Scr Mat Min Peak Influence 338 | 35 338 75 Initial 60 | . 22 60 Average 170 | 19 204 66 Maximum Alert Level 1 | . 1 . Low Security (%) 48 | 100 35 100 Level 1 51 | . 64 . Level 2 . | . . . Level 3 . | . . . Level 4 . | . . . Level 5 . | . . . High Security . | . . . Max Security . | . . . Squads Dispatched 6 | . 6 . Investigation 3 | . 3 . Extermination . | . . . Reinforcement 3 | . 3 . Assault . | . . . Garrison . | . . . Intercept . | . . . Construction Impeded . | . . . Haulers Reinforced . | . . . Stealth | -11 -10 -10 --------- Run | Scr Mat Min Distress Signals 2 | . 2 . Communications Jammed . | . . . Distress Signals . | . . . Times Spotted 63 | . 39 24 Peak Tracking Total 20 | . 4 20 Tactical Retreats 2 | . 2 . Traps | -11 -10 -10 ------- Run | Scr Mat Min Traps Triggered 2 | . 2 . Indirectly . | . . . Trap Hack Attempts . | . . . Triggered . | . . . Disarmed . | . . . Reprogrammed . | . . . Reused . | . . . Traps Extracted . | . . . Installed . | . . . Triggered . | . . . Machines | -11 -10 -10 ---------- Run | Scr Mat Min Machines Disabled 1 | . 1 . Max in Single Turn 1 | . 1 . Machines Sabotaged . | . . . Garrisons Compromised . | . . . Overloaded Fab Kills . | . . . Fab Network Shutdowns . | . . . Hacking | -11 -10 -10 --------- Run | Scr Mat Min Machines Accessed 7 | . 7 . Terminals 4 | . 4 . Fabricators . | . . . Repair Stations 1 | . 1 . Recycling Units 2 | . 2 . Scanalyzers . | . . . Garrison Access . | . . . Total Hacks 16 | . 16 . Successful 7 | . 7 . Failed 9 | . 9 . Catastrophic 1 | . 1 . Database Lockouts . | . . . Manual 15 | . 15 . Terminals 9 | . 9 . Fabricators . | . . . Repair Stations 2 | . 2 . Recycling Units 5 | . 5 . Scanalyzers . | . . . Garrison Access . | . . . Terminal Hacks 3 | . 3 . Robot Analysis 2 | . 2 . Hauler Manifests 1 | . 1 . Fabricator Hacks . | . . . Repair Station Hacks 2 | . 2 . Scan Component 1 | . 1 . Repair 1 | . 1 . Recycling Unit Hacks . | . . . Scanalyzer . | . . . Garrison Access Hacks . | . . . Unauthorized Hacks 2 | . 2 . Terminals . | . . . Fabricators . | . . . Repair Stations . | . . . Recycling Units 2 | . 2 . Tunnel 2 | . 2 . Scanalyzers . | . . . Garrison Access . | . . . Data Cores Recovered . | . . . Used . | . . . Hacking Detections 6 | . 6 . Full Trace Events . | . . . Feedback Events . | . . . Feedback Blocked . | . . . Robot Schematics Acquired . | . . . Robots Built . | . . . Matter . | . . . Time . | . . . Total Robot Build Rating . | . . . Part Schematics Acquired . | . . . Parts Built . | . . . Matter . | . . . Time . | . . . Total Part Build Rating . | . . . Parts Repaired 1 | . 1 . Time 26 | . 26 . Parts Recycled . | . . . Recycled Matter . | . . . Retrieved Matter . | . . . Retrieved Components . | . . . Parts Scanalyzed . | . . . Part Schematics Acquired . | . . . Parts Damaged . | . . . Bothacking | -11 -10 -10 ------------ Run | Scr Mat Min Used RIF Installer . | . . . Robots Hacked . | . . . Non-combat . | . . . Combat . | . . . Robot Hacks Applied . | . . . Relay Couplers Released . | . . . Robots Rewired . | . . . Allies Hacked . | . . . Hacks Repelled . | . . . Allies | -11 -10 -10 -------- Run | Scr Mat Min Total Allies . | . . . Largest Group . | . . . Highest-Rated Group . | . . . Highest-Rated Ally . | . . . Total Orders . | . . . Ally Attacks . | . . . Total Damage . | . . . Kills . | . . . Allies Corrupted . | . . . Allies Melted . | . . . Intel | -11 -10 -10 ------- Run | Scr Mat Min Robot Analysis Total 2 | . 2 . Derelict Logs Recovered . | . . . Drone Launches . | . . . Drone Recoveries . | . . . Exploration | -11 -10 -10 ------------- Run | Scr Mat Min Turns Passed 2223 | 321 1786 116 Spaces Moved 1017 | 87 890 40 Core 3 | 3 . . Treads 1014 | 84 890 40 Legs . | . . . Wheels . | . . . Hover . | . . . Flight . | . . . Fastest Speed 50 | 50 160 160 Average Speed 159 | 156 160 160 Slowest Speed 180 | 160 180 160 Overloaded Moves . | . . . Propulsion Burnouts . | . . . Robots Hopped . | . . . Cave-ins Triggered . | . . . Exploration Rate (%) 36 | 6 93 10 Regions Visited 2 Branch Regions 1 Pre-discovered Areas 2 | . 2 . Known Exits Taken . | . . . Unknown Exits Taken 2 | 1 1 . Scrap Searched . | . . . Spaces Dug . | . . . Terrain Destroyed 131 | . . 131 Melee . | . . . Projectile . | . . . AOE 131 | . . 131 Terrain Rammed . | . . . Walls Destroyed . | . . . Machines Disabled . | . . . Actions | -11 -10 -10 --------- Run | Scr Mat Min Total 1434 | 252 1114 68 Wait 234 | 140 92 2 Move 1015 | 86 889 40 Hop . | . . . Pick Up 27 | 4 22 1 Fast Attach 12 | 7 5 . Attach 5 | . 4 1 Detach . | . . . Swap 8 | . 7 1 Drop 16 | . 15 1 Fire 117 | 15 80 22 Melee . | . . . Ram . | . . . Kick . | . . . Crush . | . . . Escape Stasis . | . . . Rewire . | . . . Trap . | . . . Miscellaneous . | . . . Route ------- -11/Scrapyard -10/Materials (discovered 5 exits: [*Mat x3] / [*Min x2]) -10/Mines History --------- Turn | Location | Event 50 | -11/Scrapyard | Discovered new exit (range 14) 322 | -11/Scrapyard | Entered Materials 323 | -10/Materials | Build established: Mutant 473 | -10/Materials | Discovered new exit (range 4) 760 | -10/Materials | Discovered new exit (range 16) 913 | -10/Materials | Discovered new exit (range 11) 1099 | -10/Materials | Discovered new exit (range 6) 1293 | -10/Materials | Discovered new exit (range 11) 1557 | -10/Materials | Repaired Lgt. Treads 2108 | -10/Materials | Entered Mines 2123 | -10/Mines | Assembled infested the area 2137 | -10/Mines | Core integrity fell below 50% 2141 | -10/Mines | Core integrity fell below 20% 2170 | -10/Mines | Destroyed 20 combat bots 2224 | -10/Mines | Destroyed by D-53 Grenadier with Mini Grenade Launcher Last Messages --------------- 02143_ Destroyed Asb. Hover Unit. 02145_ as-88743 destroyed. 02146_ The unstable cave ceiling collapses. 02149_ as-35414 destroyed. [Achievement: Killing Spree] 02150_ The unstable cave ceiling collapses. 02151_ Dropped Med. Matter Pod. 02152_ Extracted 100 matter. 02152_ Acquired Med. Matter Pod. 02154_ The unstable cave ceiling collapses. 02205_ U-05 Engineer builds a Wall. 02213_ C-30 ARC bursts open, deploying its payload. 02213_ D-53 Grenadier unfolds itself. 02215_ The unstable cave ceiling collapses. 02215_ U-05 Engineer builds a Wall. 02217_ The unstable cave ceiling collapses. 02218_ Lgt. Treads destroyed. 02219_ U-05 Engineer builds a Wall. 02220_ Lgt. Treads destroyed. 02222_ U-05 Engineer destroyed. Map ----- +----------------------------------------------------+ | ?????????????????????????????????????? | | ?????????????????????????????????????? | | ?????????????????????????????????????? | | ?????????????????????????????????????? | | ?????????????????????????????????????? | | ?????????????????????????????????????? | | ?????????????????????????????????????? | | ?????????????????????????????????????? | | ?????????????????????????????????????? | | ?????????????????????????????????????? | | ?????????????????????????????????????? | | ?????????????????????????????????????? | | ?????????###?????????????????????????? | | ????????? ?????????????????????????? | | ?????????# #?????????????????????????? | | ?????????# #?????????????????????????? | | ?????????# #?????????????????????????? | | ?????????# #?????????????????????????? | | ?????????# #?????????????????????????? | | ?????????# ###########???????????????? | | ?????????# =%% #??????????????? | | ????????### #!d ##### #??????????????? | | ????????# ##??????????????????? | | ???????## #??????????????????? | | ???????# ##??????????????????? | | ???????# @ ##?????????????????? | | ??????## #?????????????????? | | ??????# ###????????????????? | | ??????## #??#?????????????? | | ???????# d# ###???????????? | | ??????#### # # #???????????? | | ?????## # # #???????????? | | ????## ## #???????????? | | ???## # ?????????? | | ???# ## ?????????? | | ???# # # ?????????? | | ???## # # ??????????? | | ????######## # ##???????????? | | ????????????#############????????????? | | ?????????????????????????????????????? | | | | | | | | | | | | | | | | | | | | | +----------------------------------------------------+ Best States ------------- Heat Dissipation 25 Energy Generation 14 Energy Capacity 250 Matter Stores 300 Matter Capacity 300 Sight Range 16 Terrain Scan Density 10 Evasion (%) 40 Recoil Reduction 2 Item Schematics ----------------- None Robot Schematics ------------------ None Fabricated ------------ Nothing Alien Tech Used ----------------- None Achievements -------------- Exterminator Killing Spree Challenges ------------ None Game ------ Seed ProcessingLaserCore Manual? 0 Play Time 00:18:04 Cumulative 118.8 hours Start 2021.12.10 @ 23:15:33 End 2021.12.10 @ 23:31:54 Sessions 1 Manual Loads 0 Difficulty Rogue Special Mode None Game No. 57 Rogue 57 Adventurer 0 Explorer 0 Win Type - Total 2 Types 1/0/0/0/1/0/0/0/0 Lore% 44 Gallery% 62 Achievement% 53 Wizard Run 0 Options --------- ASCII 0 Keyboard 0 Movement Arrows Keybinds 0 Fullscreen 0 Font 28/SmallcapsGlow Map View 72x54 Tactical HUD 1 Map Filters NONE Filters NONE Steam 1 RUN: 45f8b087-0d57-4d72-ac13-12c4b5de72c3